 Dungeon Crawl Stone Soup version 0.20.1-1-g8b1a95d (webtiles) character file.

160 vineage the Ducker (level 5, 0/36 HPs)
             Began as an Octopode Fighter on Oct 7, 2017.
             Slain by a sky beast (5 damage)
             ... on level 3 of the Dungeon.
             The game lasted 00:03:35 (1889 turns).

vineage the Ducker (Octopode Fighter)               Turns: 1889, Time: 00:03:35

Health: 0/36       AC:  1    Str: 17    XL:     5   Next: 41%
Magic:  5/5        EV: 12    Int: 10    God:
Gold:   99         SH:  9    Dex: 11    Spells: 4/4 levels left

rFire    . . .     SeeInvis .   a - +0 long sword
rCold    . . .     Gourm    .   b - +0 shield
rNeg     . . .     Faith    .   (helmet restricted)
rPois    .         Spirit   .   (no amulet)
rElec    .         Reflect  .   (no ring)
rCorr    .         Harm     .   (no ring)
MR       .....                  (no ring)
Stlth    +++.......             (no ring)
Regen    0.2/turn               (no ring)
MPRegen  0.1/turn               (no ring)
                                (no ring)
                                (no ring)

@: lethally poisoned (0 -> -5), hasted, very quick
A: almost no armour, stealthy swim, amphibious, 8 rings, constrict 8, camouflage
1, gelatinous body 1
a: no special abilities


You were on level 3 of the Dungeon.
You were not hungry.

You visited 1 branch of the dungeon, and saw 3 of its levels.

You collected 99 gold pieces.

Inventory:

Hand Weapons
 a - a +0 long sword (weapon)
Armour
 b - a +0 shield (worn)
Jewellery
 f - an uncursed ring of flight {unknown}
Scrolls
 e - 3 scrolls of identify {unknown}
 g - a scroll of enchant weapon {unknown}
 l - a scroll of amnesia {unknown}
Potions
 i - a potion of degeneration {unknown}
Comestibles
 c - a meat ration
 d - 2 bread rations


   Skills:
 + Level 3.5 Fighting
 + Level 3.5 Long Blades
 + Level 3.8 Dodging
 + Level 2.2 Stealth
 + Level 3.6 Shields


You had 4 spell levels left.
You didn't know any spells.

Dungeon Overview and Level Annotations

Branches:
Dungeon (3/15)

Altars:


Innate Abilities, Weirdness & Mutations

You cannot wear most types of armour.
You are very stealthy in the water. (Stealth+)
You are amphibious.
You can wear up to eight rings at the same time.
You can use your tentacles to constrict eight enemies at once.
Your skin changes colour to match your surroundings (Stealth+).
Your rubbery body absorbs attacks. (AC +1, EV +1)


Message History

You slash the scorpion! Your grab misses the scorpion.
The scorpion is heavily wounded.
The scorpion closely misses you.
You riposte.
You closely miss the scorpion. You grab the scorpion.
The scorpion is heavily wounded.
The sky beast hits you. The sky beast shocks you. The scorpion stings you.
* * * LOW HITPOINT WARNING * * *
You are lethally poisoned!
The scorpion poisons you!
You feel much better.
You constrict the scorpion.
You feel sick. The sky beast hits you. The sky beast shocks you.
The scorpion stings you.
You release your grip on the scorpion.
You feel sick.
You feel sick.
You feel sick.
You feel sick.
It was a potion of haste.
You feel yourself speed up.
You feel sick. The sky beast hits you.
* * * LOW HITPOINT WARNING * * *
The sky beast shocks you.
You die...

(#.#†....#######.#.#
#..'...........#.#.#
[#.#..<...####.#.#.#
#..#..#......#.#.#.#
..##...........#.#.#
+##....#..##.###.#.#
.......#..##...#.#.#
.###+#.#..####.#.#.#
# #.#######.#@#.#
#.........#Y#.#
###########s#.# .
......).......#
......)..........>#
.####.####...######
#. #...# # #####


You could see a sky beast and a scorpion.

Vanquished Creatures
  Terence (D:2)
  Robin (D:2)
  2 adders (D:2)
  3 oozes
  An adder zombie (D:3)
  2 worms (D:2)
  3 dart slugs
  4 leopard geckos
  8 orcs (D:3)
  5 bats
  A giant cockroach (D:2)
  12 goblins
  6 hobgoblins (D:2)
  2 jackals (D:3)
  6 kobolds
  3 frilled lizards
  8 rats
68 creatures vanquished.

Notes
Turn   | Place    | Note
-------+----------+-------------------------------------------
     0 | D:1      | vineage the Octopode Fighter began the quest for the Orb.
     0 | D:1      | Reached XP level 1. HP: 16/16 MP: 1/1
    49 | D:1      | Reached XP level 2. HP: 12/21 MP: 2/2
   321 | D:1      | Reached XP level 3. HP: 26/26 MP: 3/3
   820 | D:2      | Noticed Robin
   826 | D:2      | Reached XP level 4. HP: 18/31 MP: 4/4
   830 | D:2      | Reached skill level 1 in Stealth
   842 | D:2      | Killed Robin
  1047 | D:2      | Noticed Terence
  1056 | D:2      | Killed Terence
  1104 | D:2      | Reached XP level 5. HP: 31/36 MP: 5/5
  1878 | D:3      | Noticed a sky beast
  1889 | D:3      | Slain by a sky beast

Skill      XL: |  1  2  3  4  5 |
---------------+----------------+-----
Stealth        | 1 2 |  2.2
Long Blades    | 3 |  3.5
Fighting       | |  3.5
Dodging        | |  3.8
Shields        | |  3.6

Action                   |  1- 3 |  4- 6 || total
-------------------------+-------+-------++-------
Melee: Long sword        |    51 |    61 ||   112
       Constrict         |    13 |    21 ||    34
       Tentacles         |     9 |     6 ||    15
  Use: Potion            |       |     5 ||     5
 Stab: Sleeping          |     5 |     6 ||    11
       Distracted        |       |     1 ||     1
  Eat: Chunk             |       |     3 ||     3
Armor: Skin              |     5 |     4 ||     9
Dodge: Dodged            |    15 |    26 ||    41
Block: Shield            |    18 |    37 ||    55
       Rpst.: Long sword |     6 |    11 ||    17
